 Dungeon Crawl Stone Soup version 0.31-a0-1118-gbca3d03946 (webtiles) character file.

Game seed: 5350981611355163420

24 Crownlay the Conjurer (level 2, 0/1 (24) HPs)
             Began as a Demigod Reaver on Dec 4, 2023.
             Slain by a bat (1 damage)
             ... on level 1 of the Dungeon.
             The game lasted 00:02:14 (598 turns).

Crownlay the Conjurer (Demigod Reaver)               Turns: 598, Time: 00:02:14

HP:   0/1 (24)      AC:  3    Str: 13    XL:     2   Next: 60%
MP:   7/7           EV: 12    Int: 15    God:
Gold: 33            SH:  0    Dex: 12    Spells: 2/5 levels left

rFire   . . .        d - +0 dagger
rCold   . . .        (no shield)
rNeg    . . .        e - +0 robe
rPois   .            (no helmet)
rElec   .            (no cloak)
rCorr   .            (no gloves)
SInv    .            c - +0 pair of boots
Will    .....        (no amulet)
Stlth   +            (no ring)
HPRegen 0.20/turn    (no ring)
MPRegen 0.10/turn

%: no passive effects
@: extremely drained
A: high MP 1, forlorn, divine attributes
a: no special abilities


You were on level 1 of the Dungeon.
You visited 1 branch of the dungeon, and saw 1 of its levels.

You collected 33 gold pieces.

Inventory:

Hand Weapons
 d - a +0 dagger (weapon)
Armour
 c - a +0 pair of boots (worn)
 e - a +0 robe (worn)
Scrolls
 a - a scroll of poison {unknown}
 b - a scroll of teleportation {unknown}
Potions
 f - 2 potions of mutation {unknown}


   Skills:
 - Level 1.7 Fighting
 - Level 1.7 Dodging
 - Level 2.6 Unarmed Combat
 + Level 2.2 Spellcasting
 * Level 3.4 Conjurations


You had 2 spell levels left.
You knew the following spells:

 Your Spells              Type           Power      Damage    Failure   Level
a - Kiss of Death         Conj/Necr      24%        2d7       11%         1
b - Momentum Strike       Conj/Tloc      12%        3d8       16%         2

Your spell library contained the following spells:

 Spells                   Type           Power      Damage    Failure   Level
 Hailstorm                Conj/Ice       6%         3d5       32%         3


Dungeon Overview and Level Annotations

Branches:
Dungeon (1/15)


Innate Abilities, Weirdness & Mutations

You have an increased reservoir of magic. (+10% MP)
You shall have no god before yourself.
Your divine heritage dramatically boosts your attributes as you level up.


Message History

The negative energy hits the dart slug!
The dart slug is drained!
You kill the dart slug!
You feel drained.
A ball python comes into view.
Found a dagger.
The negative energy hits the ball python!
The ball python is drained!
You kill the ball python!
You feel drained.
You can't see any susceptible monsters within range! (Use Z to cast anyway.)
You see here a ball python corpse.
You see here a ball python corpse.
f - 2 orange potions A giant cockroach comes into view.
Found 16 gold pieces.
A giant cockroach is nearby!
A giant cockroach is nearby!
You hit the giant cockroach.
The giant cockroach is moderately wounded.
The giant cockroach bites you but does no damage.
The negative energy hits the giant cockroach.
The giant cockroach is drained!
You kill the giant cockroach!
You feel drained.
You can't see any susceptible monsters within range! (Use Z to cast anyway.)
A bat comes into view.
A bat is nearby!
A bat is nearby!
The bat misses you.
You miss the bat. The bat barely misses you.
The bat hits you but does no damage. The bat hits you but does no damage.
You closely miss the bat. The bat hits you but does no damage.
The bat hits you but does no damage. The bat barely misses you.
The bat closely misses you.
You hit the bat but do no damage. The bat misses you.
The bat hits you but does no damage.
You closely miss the bat. The bat hits you.
Ouch! That really hurt!
You die...

...⌠..## .....##
..⌠.## ### ...## ..#
..## #.# ########
.#######.###......###
##....##.##.........#
##.##.##.##...##..#.#
##.##.##†##...#.@.#
.........##...#b#.#
#..######...........
###..# ####..$...###
#..### ####.###
###..#### #.#
#..)..#.# ...
#....†#.## #.#.
.....#.#.#


You could see a bat.

Vanquished Creatures
  2 dart slugs (D:1)
  2 endoplasms (D:1)
  A giant cockroach (D:1)
  A goblin (D:1)
  A hobgoblin (D:1)
  3 jackals (D:1)
  3 kobolds (D:1)
  2 ball pythons (D:1)
  3 bats (D:1)
  A rat (D:1)
19 creatures vanquished.

Notes
Turn   | Place    | Note
-------+----------+-------------------------------------------
     0 | D:1      | Crownlay the Demigod Reaver began the quest for the Orb.
     0 | D:1      | Reached XP level 1. HP: 17/17 MP: 5/5
   203 | D:1      | Reached skill level 3 in Conjurations
   330 | D:1      | Reached XP level 2. HP: 8/8 MP: 2/7
   333 | D:1      | Learned a level 2 spell: Momentum Strike
   598 | D:1      | Slain by a bat

Illustrated notes

Levels and vault maps discovered:
D:1:      dpeg_arrival_lava_temple_mockup, layout_loops_cross,
          chequers_hall_statues_y, nicolae_concentric_dashed_squares_mild,
          nicolae_houndstooth_variations

Skill      XL: |  1 |
---------------+----+-----
Conjurations   | 3 |  3.4
Spellcasting   | 2 |  2.2
Fighting       | |  1.7
Dodging        | |  1.7
Unarmed Combat | |  2.6

Action                     || total
---------------------------++-------
  Melee: Dagger            ||    39
         Club              ||     4
         Unarmed           ||     3
   Cast: Kiss of Death     ||    11
         Momentum Strike   ||     3
   Stab: Sleeping          ||     1
 Armour: Leather armour    ||     9
         Robe              ||    31
         Skin              ||     3
  Dodge: Dodged            ||    30

Table legend: (Time is in decaauts)
 A = Elapsed time spent in this place.
 B = Non-inter-level travel time spent in this place.
 C = Inter-level travel time spent in this place.
 D = Time resting spent in this place.
 E = Time spent auto-exploring this place.
 F = Levels seen in this place.
 G = Mean time per level.
                   A        B        C        D        E       F      G
               +--------+--------+--------+--------+--------+-----+--------+
         Total |    598 |    598 |      0 |      0 |    445 |   1 |  598.0 |
       Dungeon |    598 |    598 |      0 |      0 |    445 |   1 |  598.0 |
               +--------+--------+--------+--------+--------+-----+--------+

Top non-repeatable levels by time:
     D:1: 598 daAuts
